 Dungeon Crawl Stone Soup version 0.30.1-11-g7821555f0a (webtiles) character file.

Game seed: 15624983972562748765

621597 kelmen2 the Minotaur Barricade (level 27, -4/273 HPs)
             Began as a Minotaur Berserker on Dec 28, 2023.
             Was the Champion of Trog.
             Killed from afar by a Hell Sentinel (27 damage)
             ... with damnation
             ... on level 5 of the Realm of Zot on Dec 29, 2023.
             The game lasted 03:32:09 (61058 turns).

kelmen2 the Minotaur Barricade (MiBe)              Turns: 61058, Time: 03:32:10

Health: -4/273     AC: 44    Str: 29      XL:     27
Magic:  15/15      EV: 12    Int: 12 (17) God:    Trog [******]
Gold:   6400       SH: 34    Dex: 18 (19) Spells: 26/26 levels left

rFire   + + .        d - +8 mithril axe "Arga" {speed, Will+}
rCold   + . .        M - +8 tower shield
rNeg    + . .        J - +0 gold dragon scales "Pekk" {rPois rF+ rC+ Int+3 Dex+5}
rPois   +            N - +2 hood of the Assassin {Detect Stab+ Stlth++}
rElec   +            E - +2 cloak {rPois}
rCorr   .            p - +2 pair of gloves {Stlth+}
SInv    .            V - +3 pair of mountain boots {steadfast, rC+}
Will    +++..        r - amulet of regeneration Stlth
                     R - ring of Bokhlikhli {rN+ AC+4 Str+2}
HPRegen 0.00/turn    x - ring "Ulloqoad" {Fire rElec Str+2 Dex+3}
MPRegen 0.14/turn

%: random rage (9%)
@: on berserk cooldown, inhibited regen, slowed, studying 3 skills, unable to
read, very slow
A: horns 2, retaliatory headbutt, talons 1, iridescent scales 2, berserk 2,
clever 2, deformed body, deterioration 2, low MP 3, screaming 2, inhibited
regeneration, weak 2, subdued magic 1, inability to read after injury 2
0: Orb of Zot
}: 3/15 runes: serpentine, barnacled, silver
a: Renounce Religion, Berserk, Trog's Hand, Brothers in Arms


You were on level 5 of the Realm of Zot.
You worshipped Trog.
Trog was exalted by your worship.
You visited 10 branches of the dungeon, and saw 48 of its levels.
You visited the Abyss 1 time.
You also visited: Volcano.

You collected 9010 gold pieces.
You spent 2610 gold pieces at shops.

Inventory:

Hand Weapons
 d - the +8 mithril axe "Arga" (weapon) {speed, Will+}
   (Trog gifted it to you on level 13 of the Dungeon)

   Will:      It increases your willpower.
 O - a +9 demon whip of venom
 X - the +7 broad axe of Wrath {flame, rC+ Str+2 Dex+3}
   (Trog gifted it to you on level 3 of the Realm of Zot)

   Str:       It affects your strength (+2).
   Dex:       It affects your dexterity (+3).
   rC:        It protects you from cold.
Armour
 p - a +2 pair of gloves of stealth (worn)
 E - a +2 cloak of poison resistance (worn)
 J - the +0 gold dragon scales "Pekk" (worn) {rPois rF+ rC+ Int+3 Dex+5}
   (You found it on level 3 of the Vaults)

   Int:       It affects your intelligence (+3).
   Dex:       It affects your dexterity (+5).
   rF:        It protects you from fire.
   rC:        It protects you from cold.
   rPois:     It protects you from poison.
 M - a +8 tower shield (worn)
 N - the +2 hood of the Assassin (worn) {Detect Stab+ Stlth++}
   (You acquired it on level 3 of the Shoals)

   Detect:    It allows the wearer to sense nearby creatures.
   Stab+:     It allows the wearer to make particularly effective stabbing
   attacks against helpless or unaware enemies with any weapon.
   Stlth:     It makes you much more stealthy.
 V - the +3 pair of mountain boots (worn) {steadfast, rC+}
   (You found it on level 4 of the Shoals)

   Steadfast: It prevents involuntary movement, except for blinking,
   teleportation, or banishment.
   rC:        It protects you from cold.
 Y - a scarf of resistance
Jewellery
 e - a ring of protection from cold
 g - the amulet "Gaci" {Spirit Str+2 Stlth+}
   (You acquired it on level 7 of the Dungeon)

   [amulet of guardian spirit]

   It causes incoming damage to be divided between your reserves of health and
   magic.
   Str:       It affects your strength (+2).
   Stlth:     It makes you more stealthy.
 j - a ring of resist corrosion
 n - a ring of positive energy
 r - an amulet of regeneration (around neck)
 s - a +4 ring of protection
 x - the ring "Ulloqoad" (right hand) {Fire rElec Str+2 Dex+3}
   (You found it on level 2 of the Depths)

   [ring of fire]

   It enhances your fire magic.
   Str:       It affects your strength (+2).
   Dex:       It affects your dexterity (+3).
   rF:        It protects you from fire.
   rC:        It makes you vulnerable to cold.
   rElec:     It insulates you from electricity.
 A - a ring of flight
 I - a ring of ice
 R - the ring of Bokhlikhli (left hand) {rN+ AC+4 Str+2}
   (You found it on level 4 of the Shoals)

   [ring of protection]

   AC:        It affects your AC (+4).
   Str:       It affects your strength (+2).
   rN:        It protects you from negative energy.
Scrolls
 c - 10 scrolls of fear
 h - 23 scrolls of teleportation
 l - 5 scrolls of enchant weapon
 t - 3 scrolls of summoning
 u - 5 scrolls of torment
 w - 28 scrolls of identify
 y - 14 scrolls of immolation
 C - a scroll of enchant armour
 D - 2 scrolls of blinking (quivered)
 G - 6 scrolls of fog
 H - 3 scrolls of silence
 Q - 7 scrolls of magic mapping
 Z - 9 scrolls of poison
Potions
 a - 10 potions of might
 f - 9 potions of flight
 i - 4 potions of heal wounds
 k - 6 potions of magic
 o - 6 potions of mutation
 q - 32 potions of curing
 v - 7 potions of cancellation
 z - 2 potions of resistance
 B - 6 potions of ambrosia
 F - 10 potions of lignification
 K - 5 potions of attraction
 S - 2 potions of berserk rage
 T - 6 potions of invisibility
 W - 6 potions of haste
Miscellaneous
 P - a box of beasts


   Skills:
 O Level 27 Fighting
 + Level 0.9(1.1) Short Blades
 + Level 1.1(1.3) Long Blades
 O Level 27 Axes
 + Level 24.8(27) Maces & Flails
 + Level 1.0(18.1) Polearms
 + Level 1.0(16.5) Staves
 + Level 1.3 Ranged Weapons
 + Level 0.7 Throwing
 O Level 27 Armour
 + Level 7.2 Dodging
 - Level 0.2 Stealth
 O Level 27 Shields
 + Level 0.8 Unarmed Combat
 + Level 0.8 Invocations
 + Level 1.0 Evocations


You had 26 spell levels left.
You didn't know any spells.
Your spell library was empty.

Dungeon Overview and Level Annotations

Branches:
Dungeon (15/15)            Temple (0/1) D:5            Lair (5/5) D:11
 Shoals (4/4) Lair:3        Snake (4/4) Lair:3        Slime (0/5) Lair:5
    Orc (2/2) D:11            Elf (3/3) Orc:2        Vaults (5/5) D:13
  Crypt (0/3) Vaults:2     Depths (4/4) D:15           Hell (visited)
    Zot (5/5) Depths:4    Volcano (visited)
    Dis: Hell:1         Geh: Hell:1         Coc: Hell:1         Tar: Hell:1

Altars:
Cheibriados
Gozag
Kikubaaqudgha
Makhleb
Sif Muna
Trog
Wu Jian
Xom
Yredelemnul
Zin

Shops:
D:11 *   D:13 *   Orc:2 (:::   Elf:2 :   Shoals:1 *   Snake:3 [   Snake:4 ?
Vaults:3 ?

Portals:
Hell: Lair:5 Depths:1 Depths:2 Depths:3 Depths:4
Abyss: Depths:3
Pandemonium: Depths:2 Depths:4
Ziggurat: Depths:3
Trove: D:10 (give 12 potions of heal wounds)

Annotations:
D:8 1 transporter
Hell Geryon
Zot:5 exclusion: obsidian statue


Innate Abilities, Weirdness & Mutations

You have a pair of horns on your head.
You reflexively headbutt those who attack you in melee.
You have sharp toenails.
You are mostly covered in iridescent scales. (AC +4)
You have an uncontrollable temper.
Your mind is very acute. (Int +8, Str/Dex -2)
Armour fits poorly on your strangely shaped body.
Your body often deteriorates upon taking damage.
Your magical capacity is extremely low. (-30% MP)
You frequently scream uncontrollably at your foes.
You do not regenerate when monsters are visible.
You are very weak. (Str -4)
Your spells are a little easier to cast, but a little less powerful.
You sometimes lose the ability to read scrolls when taking damage.


Message History

The green draconian roars!
A green draconian is nearby!
A green draconian is nearby!
A green draconian is nearby!
A green draconian is nearby!
You can read scrolls again.
Your iron troll bites the green draconian!!
Your iron troll claws the green draconian!!
Your iron troll claws the green draconian!
The green draconian hits your iron troll with a +0 mace of protection.
The green draconian tail-slaps your iron troll!
A Hell Sentinel comes into view.
Your iron troll bites the green draconian!
Your iron troll claws the green draconian!!
The green draconian dies!
Trog accepts your kill.
The Hell Sentinel moves out of view.
Your base Polearms skill increases to level 1!
Your base Staves skill increases to level 1!
Your iron troll bites the Hell Sentinel but does no damage.
Your iron troll claws the Hell Sentinel.
Your iron troll claws the Hell Sentinel!
You see here a +2 trident of venom.
Your iron troll is no longer berserk.
Your iron troll bites the Hell Sentinel but does no damage.
Your iron troll claws the Hell Sentinel but does no damage.
Your iron troll claws the Hell Sentinel.
The Hell Sentinel gestures at you.
The sphere of damnation explodes!
The damnation engulfs you!!
You feel threatened and lose the ability to read scrolls!
* * * LOW HITPOINT WARNING * * *
The Hell Sentinel gestures at you.
The sphere of damnation explodes!
The damnation engulfs you!!!
* * * LOW HITPOINT WARNING * * *
Your iron troll bites the Hell Sentinel.
Your iron troll claws the Hell Sentinel!
Your iron troll claws the Hell Sentinel.
The Hell Sentinel gestures at you.
The sphere of damnation explodes!
The damnation engulfs you!!
You die...

..............## ##....
............▓## ##▓..
.^.......▓▓▓▓ ▓▓▓
##▓▓▓▓▓▓▓▓▓▓▓# ▓▓▓
.........))T.### ##..^
...^.....##.1..## #....
..........###)).###########...#
....1..))).###..)............#
.........^.# ##^@.[.........#
...........# #.............#
^..........# ##...........#
........)..# #...........#
...........# ##...........##
..........## #.............#
.........## ##.....^.......##
........## #...............#
######### ########.########


You could see a Hell Sentinel (ally target) and a friendly iron troll (summoned,
slow).

Vanquished Creatures
  3 dread liches
  An ancient lich (Vaults:5)
  8 orbs of fire
  Mara (Snake:3)
  3 juggernauts
  Sojobo (Depths:3)
  9 Killer Klowns
  2 curse toes
  Nikola (Depths:1)
  9 golden dragons
  A profane servitor (Abyss:2)
  A pandemonium lord (Zot:5)
  Jory (Vaults:4)
  the Enchantress (Depths:2)
  2 doom hounds (Zot:1)
  5 electric golems
  Jorgrun (D:13)
  Grunn (Zot:1)
  A Brimstone Fiend (Depths:2)
  3 hellephants (Depths:2)
  5 liches
  17 tentacled monstrosities
  8 titans
  5 quicksilver dragons
  A walking divine tome (D:15)
  25 Orb Guardians
  7 death cobs
  5 sphinxes
  Polyphemus (Shoals:4)
  15 shadow dragons
  An Executioner (Depths:2)
  10 tengu reavers
  7 nagarajas
  Donald (Snake:1)
  Roxanne (Snake:1)
  7 draconian monks
  11 frost giants
  16 storm dragons
  9 fire giants
  18 vault wardens
  3 draconian knights (Zot:3)
  8 draconian scorchers
  4 angels
  A balrug (Zot:5)
  3 deep elf sorcerers
  A deep elf elementalist (Abyss:2)
  A ghost moth (Abyss:2)
  2 iron dragons
  7 draconian stormcallers
  9 draconian annihilators
  Aizul (Snake:2)
  15 ironbound preservers
  10 draconian shifters
  2 orc warlords
  2 cacodemons
  33 very ugly things
  5 spriggan defenders
  4 war gargoyles
  18 stone giants
  10 ironbound thunderhulks
  5 grey draconians (Zot:4)
  17 green draconians
  12 yellow draconians
  The ghost of booth the Severer, a journeyman DsGl of Wu Jian (Lair:5)
  4 deep elf demonologists (Depths:2)
  4 vampire knights
  The ghost of Ellidul the Carver, a journeyman FoNe of Sif Muna (D:14)
  Azrael (Snake:1)
  A deep elf annihilator (Elf:1)
  18 red draconians
  13 black draconians
  25 dire elephants
  15 spark wasps
  14 white draconians
  16 purple draconians
  3 deep elf death magi
  2 blizzard demons (Depths:2)
  18 yaktaur captains
  3 deep elf high priests
  7 merfolk impalers
  2 jiangshi (Depths:1)
  10 ettins
  2 crystal guardians (Vaults:4)
  13 fire dragons
  5 merfolk javelineers
  A green death (Depths:2)
  Josephine (D:15)
  7 great orbs of eyes
  A hell beast (Depths:1)
  19 hydras
  A rakshasa (Depths:1)
  The ghost of bairyn the Thaumaturge, a journeyman DESu of Cheibriados (Orc:2)
  15 centaur warriors
  11 ironbound frosthearts
  32 vault guards
  14 ice dragons
  5 spriggan air magi
  2 peacekeepers
  10 anacondas
  A two-headed ogre (shapeshifter) (Depths:1)
  3 boulder beetles
  A jorogumo (shapeshifter) (D:13)
  6 merfolk avatars
  3 satyrs
  A merfolk aquamancer (Shoals:3)
  3 catoblepae
  5 two-headed ogres
  24 dancing weapons
  9 deep troll shamans
  12 naga warriors
  13 deep troll earth magi
  Urug (D:10)
  6 spriggan berserkers
  A thrashing horror (Abyss:2)
  8 death yaks
  4 orc high priests
  7 large abominations
  7 shock serpents
  19 deep elf knights
  12 naga sharpshooters
  7 hell hogs
  5 vampire magi
  A fire crab (Lair:1)
  17 hell knights
  2 wretched stars (Abyss:2)
  5 salamander mystics
  2 skysharks (shapeshifter)
  2 sun demons
  4 skeletal warriors (D:15)
  5 skysharks
  66 deep trolls
  Lodul (D:13)
  16 sea snakes
  A sixfirhy (Abyss:2)
  A sea snake (shapeshifter) (D:15)
  11 iron trolls
  6 glowing orange brains
  3 swamp dragons (Zot:4)
  A flayed ghost (Depths:3)
  An orb spider (Abyss:2)
  5 bog bodies (Shoals:4)
  4 naga ritualists
  10 orc knights
  5 wizards
  Pikel (D:4)
  9 deep elf archers
  A lindwurm (shapeshifter) (Zot:3)
  26 deep elf pyromancers
  26 deep elf zephyrmancers
  4 phantasmal warriors (Vaults:5)
  20 ironbound convokers
  17 harpies
  8 lindwurms
  A mana viper (shapeshifter) (D:15)
  2 harpies (shapeshifter) (Vaults:5)
  5 necromancers
  39 ugly things
  4 orc sorcerers (Orc:2)
  8 mana vipers
  A shadow dragon skeleton (Depths:1)
  9 cyclopes
  A worldbinder (Abyss:2)
  A salamander (shapeshifter) (D:13)
  31 fauns
  An oklob plant (Lair:5)
  13 manticores
  A shining eye (shapeshifter) (Vaults:2)
  An elephant (Lair:5)
  2 black mambas (shapeshifter)
  13 salamanders
  The ghost of NeboErif the Slasher, a novice GrGl (D:6)
  5 water nymphs
  12 naga magi
  Joseph (Lair:1)
  17 vault sentinels
  6 merfolk sirens
  7 guardian serpents
  A smoke demon (Depths:1)
  20 moths of wrath
  5 orange demons
  26 black mambas
  A torpor snail (Lair:4)
  A demonic crawler (Abyss:2)
  A frost giant skeleton (Depths:1)
  4 gargoyles
  2 molten gargoyles (Volcano)
  9 cane toads
  A komodo dragon (shapeshifter) (Vaults:2)
  A spriggan zombie (Depths:1)
  11 komodo dragons
  3 efreet
  6 rime drakes
  A kobold demonologist (D:8)
  31 yaktaurs
  8 unseen horrors
  5 tengu conjurers
  4 ice devils
  5 freezing wraiths
  2 red devils (Lair:5)
  4 ancient zymes (Abyss:2)
  3 burning bushes (Lair:5)
  4 trolls
  25 merfolk
  A queen bee (D:12)
  3 meliai (D:12)
  A hellwing (Lair:5)
  6 polar bears
  2 wind drakes (Shoals:4)
  5 hornets
  Grinder (D:4)
  19 blink frogs
  7 snapping turtles
  A raiju (shapeshifter) (Depths:2)
  A polar bear (shapeshifter) (Vaults:5)
  A raiju (Abyss:2)
  10 dream sheep
  23 slime creatures
  A culicivora (Vaults:1)
  5 spriggans
  11 water elementals
  6 wyverns
  2 shadows (D:12)
  A ynoxinul (Abyss:2)
  5 wraiths
  7 fire elementals
  60 yaks
  Eustachio (D:4)
  2 steam dragons
  A human (shapeshifter) (D:13)
  2 redbacks (Vaults:1)
  10 vampire mosquitoes
  5 basilisks
  2 fire bats (Volcano)
  7 chaos spawn
  2 neqoxecs (Abyss:2)
  A spriggan simulacrum (Depths:1)
  A redback (shapeshifter) (Vaults:2)
  55 nagas
  4 acid dragons
  23 water moccasins
  2 wargs
  8 hell hounds
  2 floating eyes
  33 orc warriors
  2 sky beasts (D:8)
  2 black bears
  An ice beast (D:7)
  18 ogres
  11 centaurs
  5 wolves (Lair:4)
  6 boggarts
  A phantom (D:4)
  9 kobold brigands
  11 bullfrogs
  8 small abominations
  An earth elemental (Volcano)
  2 gnoll sergeants (D:7)
  A human simulacrum (Depths:1)
  6 scorpions
  5 wights (D:10)
  A hornet simulacrum (D:15)
  29 killer bees
  3 electric eels
  3 howler monkeys
  3 lava snakes (Volcano)
  A quasit (Abyss:2)
  6 jellies
  2 gnoll boudas
  26 orc priests
  2 hounds
  3 iguanas
  A sleepcap (D:6)
  33 orc wizards
  14 gnolls
  15 adders
  A shadow imp (D:5)
  3 ufetubi
  3 worms
  3 dart slugs
  84 orcs
  11 endoplasms
  4 giant cockroaches
  8 goblins
  7 hobgoblins
  2 quokkas (D:4)
  5 ball pythons
  4 bats
  15 frilled lizards
  44 kobolds
  6 rats
  A butterfly (Zot:3)
  3 spectral weapons
2276 creatures vanquished.

Vanquished Creatures (collateral kills)
  A pandemonium lord (Zot:5)
  A dread lich (Vaults:5)
  A Killer Klown (Zot:4)
  A curse toe (Zot:3)
  A titan (Vaults:5)
  A shadow dragon (Vaults:5)
  A storm dragon (Vaults:5)
  2 nagarajas (Snake:4)
  2 vault wardens (Vaults:5)
  A draconian scorcher (Zot:4)
  An orc warlord (Orc:2)
  An ironbound preserver (Vaults:1)
  A stone giant (Depths:1)
  A grey draconian (Zot:4)
  An ironbound thunderhulk (Vaults:3)
  2 green draconians
  A dire elephant (Vaults:1)
  A red draconian (Zot:4)
  3 ettins
  A merfolk javelineer (Shoals:3)
  An entropy weaver (Vaults:1)
  A deep elf high priest (Vaults:5)
  A fire dragon (Depths:1)
  3 yaktaur captains
  A rakshasa (Depths:1)
  2 vault guards (Vaults:5)
  3 centaur warriors (Vaults:1)
  An orc high priest (Orc:2)
  A naga warrior (Snake:4)
  A naga sharpshooter (Snake:4)
  A deep elf knight (Shoals:2)
  A wizard (Vaults:1)
  A deep troll (Vaults:1)
  A cyclops (D:9)
  A mana viper (Snake:4)
  A manticore (D:9)
  A frost giant skeleton (Depths:1)
  A vault sentinel (Vaults:1)
  2 yaktaurs
  A troll (Orc:2)
  3 merfolk (Shoals:3)
  A wind drake (Shoals:3)
  5 yaks (Lair:3)
  2 nagas
  An acid dragon (D:13)
  3 orc warriors (Orc:2)
  An ogre (Orc:2)
  2 boggarts (Vaults:1)
  6 orc priests (Orc:2)
  An orc wizard (Orc:2)
  3 gnolls (Orc:2)
  3 orcs (Orc:2)
82 creatures vanquished.

Vanquished Creatures (others)
  A tentacled monstrosity (Zot:1)
  A draconian knight (Zot:1)
  A black draconian (Zot:1)
  An ice dragon (Depths:4)
  A rakshasa (Depths:1)
  A deep elf knight (Elf:1)
  A harpy (Shoals:3)
  An orc knight (Elf:1)
  An ugly thing (Depths:3)
  A manticore (Shoals:4)
  2 orc priests (Orc:2)
  An orc wizard (Orc:2)
13 creatures vanquished.

Grand Total: 2371 creatures vanquished

Notes
Turn   | Place    | Note
-------+----------+-------------------------------------------
     0 | D:1      | kelmen2 the Minotaur Berserker began the quest for the Orb.
     0 | D:1      | Reached XP level 1. HP: 19/19 MP: 0/0
   292 | D:1      | Reached XP level 2. HP: 19/27 MP: 1/1
   598 | D:1      | Reached ** piety under Trog
   916 | D:2      | Reached XP level 3. HP: 30/33 MP: 2/2
  1107 | D:2      | Reached XP level 4. HP: 40/41 MP: 3/3
  1252 | D:2      | Reached skill level 5 in Axes
  2144 | D:3      | Reached XP level 5. HP: 42/47 MP: 4/4
  2371 | D:3      | Found a faded altar of an unknown god.
  2377 | D:3      | Reached *** piety under Trog
  2465 | D:4      | Noticed an ogre
  2474 | D:4      | Killed an ogre
  2475 | D:4      | Reached skill level 5 in Fighting
  2577 | D:4      | Noticed Pikel
  2577 | D:4      | Noticed a lemure
  2577 | D:4      | Noticed a lemure
  2579 | D:4      | Noticed a lemure
  2587 | D:4      | Noticed a lemure
  2593 | D:4      | Killed Pikel
  2594 | D:4      | Reached XP level 6. HP: 51/57 MP: 5/5
  2594 | D:4      | Reached XP level 7. HP: 56/62 MP: 6/6
  2790 | D:4      | Reached XP level 8. HP: 36/71 MP: 7/7
  2794 | D:4      | Reached skill level 5 in Armour
  2808 | D:4      | Noticed Grinder
  2822 | D:5      | Entered Level 5 of the Dungeon
  2849 | D:4      | Killed Grinder
  3045 | D:4      | Noticed Eustachio
  3079 | D:4      | Killed Eustachio
  3080 | D:4      | Reached skill level 5 in Maces & Flails
  3270 | D:5      | Found a staircase to the Ecumenical Temple.
  3408 | D:5      | Found an ancient bone altar of Kikubaaqudgha.
  3857 | D:6      | Found a runed translucent gate.
  3857 | D:6      | Found a runed translucent gate.
  3857 | D:6      | Found a runed translucent gate.
  3866 | D:6      | Noticed NeboErif's ghost (novice GrGl)
  3870 | D:6      | Reached XP level 9. HP: 79/79 MP: 8/8
  3975 | D:6      | Reached skill level 5 in Dodging
  4091 | D:6      | Identified the +0 chain mail of Poor Excuses {Contam rPois
                  | Str+5}
  4354 | D:7      | Reached **** piety under Trog
  4971 | D:7      | Found an opulent altar of Gozag.
  5124 | D:7      | Identified a scroll of acquirement
  5124 | D:7      | Acquired the amulet "Gaci" {Spirit Str+2 Stlth+}
  5204 | D:8      | Reached ***** piety under Trog
  5396 | D:8      | Noticed a two-headed ogre
  5411 | D:8      | Killed a two-headed ogre
  5412 | D:8      | Reached XP level 10. HP: 82/88 MP: 7/9
  5615 | D:8      | Reached skill level 10 in Maces & Flails
  5957 | D:8      | Identified the +4 war axe of the Unseen Realm {drain, Fly
                  | rC- Will+}
  6081 | D:8      | Found a transporter.
  6107 | D:8      | Identified the +0 chain mail "Ciafits" {Dex+8}
  6771 | D:9      | Noticed a cyclops
  6791 | D:9      | Killed a cyclops
  6792 | D:9      | Noticed a manticore
  6794 | D:9      | Killed a manticore
  6897 | D:9      | Reached skill level 10 in Armour
  7002 | D:9      | Paralysed by a kobold brigand for 2 turns
  7203 | D:9      | Found a bloodstained altar of Trog.
  7455 | D:10     | Entered Level 10 of the Dungeon
  7504 | D:10     | Reached XP level 11. HP: 82/99 MP: 10/10
  7515 | D:10     | Reached skill level 10 in Fighting
  7736 | D:10     | Noticed a two-headed ogre
  7750 | D:10     | Killed a two-headed ogre
  7820 | D:10     | Found a portal to a secret trove of treasure.
  7873 | D:10     | Noticed Urug
  7894 | D:10     | HP: 6/150 [Urug/+2 great mace of protection (8)]
  7897 | D:10     | Killed Urug
  8137 | D:10     | Received a gift from Trog
  8138 | D:10     | Reached skill level 1 in Shields
  8541 | D:11     | Found a snail-covered altar of Cheibriados.
  8621 | D:11     | Found a staircase to the Lair.
  8759 | D:11     | Found Omevuam's Assorted Antiques.
  8768 | D:11     | Bought a scroll of identify for 52 gold pieces
  8769 | D:11     | Gained mutation: You occasionally lose the ability to read
                  | scrolls when taking damage. [potion of mutation]
  8769 | D:11     | Gained mutation: You are robust. (+10% HP) [potion of
                  | mutation]
  8769 | D:11     | Gained mutation: Armour fits poorly on your strangely
                  | shaped body. [potion of mutation]
  8770 | D:11     | Lost mutation: Armour fits poorly on your strangely shaped
                  | body. [potion of mutation]
  8770 | D:11     | Lost mutation: You occasionally lose the ability to read
                  | scrolls when taking damage. [potion of mutation]
  8770 | D:11     | Gained mutation: You are clumsy. (Dex -2) [potion of
                  | mutation]
  8770 | D:11     | Gained mutation: You are partially covered in iridescent
                  | scales. (AC +2) [potion of mutation]
  8770 | D:11     | Gained mutation: Your natural rate of healing is unusually
                  | fast. [potion of mutation]
  8975 | D:11     | Noticed a two-headed ogre
  8988 | D:11     | Killed a two-headed ogre
  9058 | D:11     | Found a staircase to the Orcish Mines.
  9444 | Lair:1   | Entered Level 1 of the Lair of Beasts
  9507 | Lair:1   | Noticed Joseph
  9508 | Lair:1   | Noticed a six-headed hydra
  9518 | Lair:1   | Killed a six-headed hydra
  9525 | Lair:1   | Reached XP level 12. HP: 71/121 MP: 11/11
  9530 | Lair:1   | Killed Joseph
  9752 | Lair:1   | Found a dark tunnel.
  9761 | Volcano  | Entered a volcano
  9908 | Volcano  | Found a radiant altar of Vehumet.
  9965 | Volcano  | Reached skill level 15 in Maces & Flails
 10000 | Volcano  | Noticed a stone giant
 10015 | Volcano  | Killed a stone giant
 10046 | Volcano  | Identified the +0 pair of boots of Misanthropy {Str+3}
 10364 | Lair:1   | Reached skill level 5 in Shields
 11870 | Lair:3   | Noticed a catoblepas
 11880 | Lair:3   | Killed a catoblepas
 11881 | Lair:3   | Reached XP level 13. HP: 126/134 MP: 12/12
 11885 | Lair:3   | Received a gift from Trog
 12436 | Lair:3   | Found a staircase to the Snake Pit.
 12508 | Lair:3   | Found a staircase to the Shoals.
 12809 | Lair:4   | Identified the +7 quarterstaff of Essyg {flame, Drain rPois
                  | Will+++ Int+3}
 13186 | Lair:4   | Identified the +3 scale mail of Kut Ohaf {Int+3}
 13829 | D:12     | Received a gift from Trog
 14428 | D:13     | Noticed Lodul
 14434 | D:13     | Killed Lodul
 14549 | D:13     | Reached XP level 14. HP: 146/146 MP: 13/13
 14689 | D:13     | Found a gate to the Vaults.
 14738 | D:13     | Identified the staff of cold "Qalilops" {rF+ rC+ Int-3 SInv
                  | Stlth+}
 14810 | D:13     | Noticed Jorgrun
 14823 | D:13     | Killed Jorgrun
 14824 | D:13     | Reached skill level 10 in Shields
 14889 | D:13     | Found Salagoep's General Store.
 14897 | D:13     | Bought a scroll of brand weapon for 123 gold pieces
 14897 | D:13     | Bought a scroll of enchant weapon for 97 gold pieces
 15028 | D:13     | Received a gift from Trog
 15028 | D:13     | Found the +8 mithril axe "Arga" {speed, Will+}
 15029 | D:13     | Reached skill level 15 in Armour
 15120 | D:13     | Found an ornate altar of the Wu Jian Council.
 15259 | D:14     | Noticed a tengu reaver
 15259 | D:14     | Noticed Ellidul's ghost (journeyman FoNe)
 15260 | D:14     | Found a runed translucent gate.
 15457 | D:14     | Reached skill level 15 in Fighting
 15806 | D:14     | Found a runed translucent gate.
 15806 | D:14     | Found a runed translucent gate.
 15953 | D:15     | Entered Level 15 of the Dungeon
 16337 | D:15     | Noticed Josephine
 16361 | D:15     | Killed Josephine
 16741 | D:15     | Found a staircase to the Depths.
 16870 | D:15     | Found a bloodstained altar of Trog.
 17237 | Orc:1    | Entered Level 1 of the Orcish Mines
 17270 | D:11     | Reached XP level 15. HP: 144/157 MP: 14/14
 17290 | D:11     | Reached ****** piety under Trog
 17382 | Orc:1    | Received a gift from Trog
 17498 | Orc:1    | You fall into a shaft and drop 1 floor!
 17498 | Orc:2    | Entered Level 2 of the Orcish Mines
 17696 | Orc:2    | Gained mutation: You sometimes lose your temper in combat.
                  | [a neqoxec]
 17759 | Orc:2    | Noticed bairyn's ghost (journeyman DESu)
 17760 | Orc:2    | Found a runed translucent gate.
 17760 | Orc:2    | Found a runed translucent gate.
 17973 | Orc:2    | Found Reened's Book Shop.
 17974 | Orc:2    | Found Duddek's Book Boutique.
 17977 | Orc:2    | Found Leeng's Book Boutique.
 17996 | Orc:2    | Found Ezaestriv's Antique Weapon Shop.
 18249 | Orc:2    | Received a gift from Trog
 18305 | Orc:2    | Found a staircase to the Elven Halls.
 18382 | Orc:2    | Found a runed translucent gate.
 18611 | Orc:2    | Killed bairyn's ghost
 18895 | Orc:2    | Acquired 822 gold pieces
 19271 | Lair:5   | Entered Level 5 of the Lair of Beasts
 19635 | Lair:5   | Received a gift from Trog
 19693 | Lair:5   | Found a burning altar of Makhleb.
 19771 | Lair:5   | Found a gateway to Hell.
 19778 | Lair:5   | Identified the +6 whip of Meujamofih {heavy, Contam rElec
                  | SInv}
 19851 | Lair:5   | Found a runed translucent door.
 19852 | Lair:5   | Found a shimmering altar of Xom.
 19852 | Lair:5   | Noticed booth's ghost (journeyman DsGl)
 19887 | Lair:5   | Killed booth's ghost
 20017 | Lair:5   | Found a staircase to the Slime Pits.
 20419 | Hell     | Entered the Vestibule of Hell
 20419 | Hell     | Noticed Geryon
 20630 | Snake:1  | Entered Level 1 of the Snake Pit
 20826 | Snake:1  | Reached skill level 15 in Shields
 20913 | Snake:1  | Noticed Azrael
 20928 | Snake:1  | Received a gift from Trog
 20943 | Snake:1  | Killed Azrael
 20964 | Snake:1  | Reached XP level 16. HP: 162/170 MP: 15/15
 21111 | Snake:1  | Noticed Roxanne
 21124 | Snake:1  | Killed Roxanne
 21670 | Snake:1  | Noticed Donald
 21684 | Snake:1  | Killed Donald
 22430 | Snake:2  | Noticed Aizul
 22438 | Snake:2  | Killed Aizul
 22593 | Snake:2  | Found a shimmering blue altar of Sif Muna.
 22998 | Snake:3  | Noticed Mara
 23002 | Snake:3  | Noticed kelmen2's illusion
 23104 | Snake:3  | Noticed kelmen2's illusion
 23119 | Snake:3  | Killed Mara
 23377 | Snake:3  | Received a gift from Trog
 23494 | Snake:3  | Found Ytuskiepp's Antique Armour Shop.
 23500 | Snake:3  | Bought a pair of runed gloves for 217 gold pieces
 23500 | Snake:3  | Bought a runed buckler for 217 gold pieces
 24002 | Snake:4  | Entered Level 4 of the Snake Pit
 24115 | Snake:4  | Received a gift from Trog
 24329 | Snake:4  | Found Uschuqops's Magic Scroll Shoppe.
 24334 | Snake:4  | Bought a scroll of acquirement for 624 gold pieces
 24334 | Snake:4  | Acquired 707 gold pieces
 24435 | Snake:4  | Reached XP level 17. HP: 164/182 MP: 16/16
 24911 | Snake:4  | Received a gift from Trog
 25123 | Snake:4  | HP: 3/182 [nagaraja/poison arrow (11)]
 25333 | Snake:4  | Got a serpentine rune of Zot
 26010 | D:6      | Killed NeboErif's ghost
 26259 | D:14     | Killed Ellidul's ghost
 26412 | Depths:1 | Entered Level 1 of the Depths
 26583 | Vaults:1 | Entered Level 1 of the Vaults
 26658 | Vaults:1 | Identified the +2 flail of Broken Luck {flame, rN+} (Trog
                  | gifted it to you on level 1 of the Vaults)
 26658 | Vaults:1 | Received a gift from Trog
 27029 | Vaults:1 | Lost mutation: You are clumsy. (Dex -2) [potion of
                  | mutation]
 27029 | Vaults:1 | Lost mutation: Your natural rate of healing is unusually
                  | fast. [potion of mutation]
 27029 | Vaults:1 | Gained mutation: You passively dampen the noise of your
                  | surroundings. [potion of mutation]
 27029 | Vaults:1 | Gained mutation: You are agile. (Dex +4, Str/Int -1)
                  | [potion of mutation]
 27030 | Vaults:1 | Lost mutation: You are robust. (+10% HP) [potion of
                  | mutation]
 27030 | Vaults:1 | Lost mutation: You passively dampen the noise of your
                  | surroundings. [potion of mutation]
 27030 | Vaults:1 | Gained mutation: You are mostly covered in iridescent
                  | scales. (AC +4) [potion of mutation]
 27030 | Vaults:1 | Gained mutation: Your spells are a little harder to cast,
                  | but a little more powerful. [potion of mutation]
 27031 | Vaults:1 | Lost mutation: You are agile. (Dex +4, Str/Int -1) [potion
                  | of mutation]
 27031 | Vaults:1 | Lost mutation: You are mostly covered in iridescent scales.
                  | (AC +4) [potion of mutation]
 27031 | Vaults:1 | Gained mutation: Your body sometimes deteriorates upon
                  | taking damage. [potion of mutation]
 27031 | Vaults:1 | Gained mutation: You are mostly covered in iridescent
                  | scales. (AC +4) [potion of mutation]
 27031 | Vaults:1 | Gained mutation: Your mind is acute. (Int +4, Str/Dex -1)
                  | [potion of mutation]
 27162 | Vaults:1 | Reached XP level 18. HP: 176/176 MP: 17/17
 28011 | Vaults:2 | Identified the +4 demon whip "Xiewazea" {flame, Drain rF+++
                  | Will- Stlth+} (Trog gifted it to you on level 2 of the
                  | Vaults)
 28011 | Vaults:2 | Received a gift from Trog
 29009 | Vaults:2 | Received a gift from Trog
 29426 | Vaults:2 | Found a staircase to the Crypt.
 29426 | Vaults:2 | Found an ancient bone altar of Kikubaaqudgha.
 29426 | Vaults:2 | Found a basalt altar of Yredelemnul.
 29792 | Vaults:3 | Reached XP level 19. HP: 188/188 MP: 18/18
 29862 | Vaults:3 | Found Decidic's Magic Scroll Emporium.
 30346 | Vaults:3 | Identified the +0 gold dragon scales "Pekk" {rPois rF+ rC+
                  | Int+3 Dex+5}
 30488 | Vaults:3 | Received a gift from Trog
 30507 | Vaults:3 | Identified the +0 scale mail "Hairaac" {rElec rF+ SInv}
 31933 | Vaults:4 | Received a gift from Trog
 33123 | Shoals:1 | Entered Level 1 of the Shoals
 33255 | Shoals:1 | Reached XP level 20. HP: 200/200 MP: 19/19
 33301 | Shoals:1 | Found Qehiuc's Assorted Antiques.
 33645 | Shoals:1 | Received a gift from Trog
 34712 | Shoals:2 | Identified the +7 short sword "Tochaib" {elec, Str+2 Int+4}
 34795 | Shoals:2 | Identified the +0 scale mail "Beshrotiu" {Fly rN+}
 34920 | Shoals:3 | Acquired the +2 hood of the Assassin {Detect Stab+ Stlth++}
 34920 | Shoals:3 | Found the +2 hood of the Assassin {Detect Stab+ Stlth++}
 35369 | Shoals:3 | Received a gift from Trog
 35764 | Shoals:4 | Entered Level 4 of the Shoals
 35766 | Shoals:4 | Noticed Polyphemus
 35836 | Shoals:4 | Found the +3 pair of mountain boots {steadfast, rC+}
 35867 | Shoals:4 | Killed Polyphemus
 36036 | Shoals:4 | Received a gift from Trog
 36262 | Shoals:4 | Got a barnacled rune of Zot
 36312 | Abyss:2  | Cast into level 2 of the Abyss (merfolk impaler)
 36407 | Abyss:2  | Gained mutation: You have sharp toenails. [a neqoxec]
 36456 | Abyss:2  | Noticed a profane servitor
 36476 | Abyss:2  | Killed a profane servitor
 36923 | Shoals:4 | Escaped the Abyss
 37430 | Shoals:4 | Received a gift from Trog
 37507 | Shoals:4 | Identified the ring of Bokhlikhli {rN+ AC+4 Str+2}
 38587 | Elf:1    | Entered Level 1 of the Elven Halls
 38594 | Elf:1    | Reached XP level 21. HP: 209/209 MP: 20/20
 39222 | Elf:1    | Received a gift from Trog
 39374 | Elf:1    | Found a burning altar of Makhleb.
 39771 | Elf:2    | Found Wuwaahe's Self-Improvement Boutique.
 39792 | Elf:2    | Bought a manual of Maces & Flails for 1280 gold pieces
 39955 | Elf:2    | Found a runed translucent gate.
 39956 | Elf:2    | Found a runed translucent gate.
 39956 | Elf:2    | Found a runed translucent gate.
 40959 | Elf:3    | Entered Level 3 of the Elven Halls
 40976 | Elf:3    | Received a gift from Trog
 41491 | Depths:1 | Noticed a golden dragon
 41517 | Depths:1 | Killed a golden dragon
 41566 | Depths:1 | Paralysed by a floating eye for 3 turns
 42041 | Depths:1 | Received a gift from Trog
 42137 | Depths:1 | Noticed a juggernaut
 42153 | Depths:1 | Killed a juggernaut
 42154 | Depths:1 | Reached XP level 22. HP: 177/221 MP: 21/21
 42705 | Depths:1 | Paralysed by a sphinx for 4 turns
 42872 | Depths:1 | Noticed Nikola
 42890 | Depths:1 | Killed Nikola
 43002 | Depths:1 | Identified the staff of fire "Kaqel" {+Blink rF+ Will+++
                  | Int-5}
 43006 | Depths:1 | Identified the staff of poison "Yfais" {rPois MP+9 Str+2
                  | Dex+4}
 44466 | Vaults:5 | Entered Level 5 of the Vaults
 44478 | Vaults:5 | Identified the +9 mace of Absolution {heavy, +Blink} (Trog
                  | gifted it to you on level 5 of the Vaults)
 44478 | Vaults:5 | Received a gift from Trog
 44647 | Vaults:5 | Noticed Jory
 44901 | Vaults:4 | Killed Jory
 44902 | Vaults:4 | Reached skill level 10 in Axes
 45460 | Vaults:5 | Identified the ring "Heoczirag" {rElec rN+ Str-5 Int+6
                  | SInv}
 45557 | Vaults:5 | Reached skill level 27 in Shields
 45592 | Vaults:5 | Found the +8 Vampire's Tooth {megavamp}
 45599 | Vaults:5 | Identified the +8 demon whip "Binoeb" {flame, rC+ Dex+3}
                  | (Trog gifted it to you on level 5 of the Vaults)
 45599 | Vaults:5 | Received a gift from Trog
 45635 | Vaults:5 | Identified the +1 halberd of Wu Jian, Shimmering {heavy,
                  | rC+ rCorr Dex+2}
 45641 | Vaults:5 | Identified the staff of poison "Afesatsise" {rPois rF+
                  | Dex-2 Stlth+}
 45680 | Vaults:5 | Noticed a dread lich
 45698 | Vaults:5 | Killed a dread lich
 46002 | Vaults:5 | Reached XP level 23. HP: 189/232 MP: 22/22
 46186 | Vaults:5 | Noticed a dread lich
 46202 | Vaults:5 | Killed a dread lich
 46448 | Vaults:5 | Identified the ring "Zaubbe" {rF+ rCorr Dex+4}
 46577 | Vaults:5 | Noticed an ancient lich
 46586 | Vaults:5 | Killed an ancient lich
 46717 | Vaults:5 | Received a gift from Trog
 46719 | Vaults:5 | Identified the -2 buckler of Faso {rN+ Will++ Regen+ Int-4}
 46791 | Vaults:5 | Got a silver rune of Zot
 46807 | Vaults:5 | Noticed a dread lich
 46814 | Vaults:5 | Killed a dread lich
 46946 | Vaults:5 | Reached skill level 15 in Axes
 47607 | Depths:2 | Noticed the Enchantress
 47621 | Depths:2 | Found an ancient bone altar of Kikubaaqudgha.
 47635 | Depths:2 | Killed the Enchantress
 48321 | Depths:2 | Found a one-way gate leading to the halls of Pandemonium.
 48521 | Depths:2 | Found a burning altar of Makhleb.
 48524 | Depths:2 | Found the +4 robe of Folly {Brill Will-∞ Int+8}
 48532 | Depths:2 | Identified the ring "Ulloqoad" {Fire rElec Str+2 Dex+3}
 48805 | Depths:2 | Gained mutation: You are weak. (Str -2) [a cacodemon]
 48920 | Depths:2 | Received a gift from Trog
 49311 | Depths:3 | Identified the +0 scale mail of Faos {*Slow Will+ Int+7}
 49317 | Depths:3 | Noticed Sojobo
 49333 | Depths:3 | Killed Sojobo
 49409 | Depths:3 | Reached XP level 24. HP: 243/243 MP: 22/22
 49549 | Depths:3 | Found a one-way gate to the infinite horrors of the Abyss.
 49639 | Depths:3 | Found a one-way gateway to a ziggurat.
 49822 | Depths:3 | Received a gift from Trog
 50083 | Depths:3 | Noticed a juggernaut
 50095 | Depths:3 | Killed a juggernaut
 50874 | Depths:4 | Entered Level 4 of the Depths
 51030 | Depths:4 | Paralysed by a floating eye for 4 turns
 51185 | Depths:4 | Noticed a juggernaut
 51196 | Depths:4 | Killed a juggernaut
 51816 | Depths:4 | Found a gate to the Realm of Zot.
 51819 | Depths:4 | Received a gift from Trog
 52349 | Zot:1    | Entered Level 1 of the Realm of Zot
 52437 | Zot:1    | Reached skill level 27 in Fighting
 52463 | Zot:1    | HP: 10/249 [white draconian stormcaller/divine providence
                  | (11)]
 53024 | Zot:1    | Noticed Grunn
 53234 | Zot:1    | Killed Grunn
 53252 | Zot:1    | Reached XP level 25. HP: 143/257 MP: 22/22
 53814 | Zot:1    | Identified the +6 whip of Kudathue {chaos, rElec rC+}
 54532 | Zot:1    | Received a gift from Trog
 55383 | Zot:3    | Noticed a Killer Klown
 55392 | Zot:3    | Noticed a Killer Klown
 55394 | Zot:3    | Noticed a Killer Klown
 55399 | Zot:3    | Killed a Killer Klown
 55421 | Zot:2    | Killed a Killer Klown
 55753 | Zot:3    | Killed a Killer Klown
 56065 | Zot:3    | Identified the +7 broad axe of Wrath {flame, rC+ Str+2
                  | Dex+3} (Trog gifted it to you on level 3 of the Realm of
                  | Zot)
 56065 | Zot:3    | Received a gift from Trog
 56289 | Zot:3    | Found a shimmering altar of Xom.
 56289 | Zot:3    | Found a glowing silver altar of Zin.
 56291 | Zot:3    | Found a shimmering altar of Xom.
 56291 | Zot:3    | Found a shimmering altar of Xom.
 56623 | Zot:4    | Acquired 1021 gold pieces
 57253 | Zot:4    | Noticed a Killer Klown
 57253 | Zot:4    | Noticed a Killer Klown
 57253 | Zot:4    | Noticed a Killer Klown
 57254 | Zot:4    | Noticed a Killer Klown
 57256 | Zot:4    | Noticed a Killer Klown
 57261 | Zot:4    | Killed a Killer Klown
 57271 | Zot:4    | Killed a Killer Klown
 57281 | Zot:4    | Killed a Killer Klown
 57318 | Zot:4    | Killed a Killer Klown
 57323 | Zot:4    | Killed a Killer Klown
 57324 | Zot:4    | Reached XP level 26. HP: 266/266 MP: 22/22
 57353 | Zot:4    | Received a gift from Trog
 58071 | Zot:5    | Entered Level 5 of the Realm of Zot
 58245 | Zot:5    | Noticed a dread lich
 58263 | Zot:5    | Killed a dread lich
 58312 | Zot:5    | Noticed an orb of fire
 58313 | Zot:5    | Noticed an orb of fire
 58314 | Zot:5    | Noticed an orb of fire
 58333 | Zot:5    | Gained mutation: You occasionally shout uncontrollably at
                  | your foes. [an orb of fire]
 58337 | Zot:5    | Noticed an orb of fire
 58338 | Zot:5    | Noticed an orb of fire
 58338 | Zot:5    | Noticed an orb of fire
 58338 | Zot:5    | Noticed an orb of fire
 58340 | Zot:5    | Gained mutation: Your magical capacity is low. (-10% MP)
                  | [an orb of fire]
 58342 | Zot:5    | Noticed an orb of fire
 58342 | Zot:5    | Gained mutation: You do not regenerate when monsters are
                  | visible. [an orb of fire]
 58352 | Zot:5    | Gained mutation: You have hidden genetic defects. [an orb
                  | of fire]
 58913 | Zot:5    | Gained mutation: Armour fits poorly on your strangely
                  | shaped body. [an orb of fire]
 58917 | Zot:4    | Gained mutation: Your mind is very acute. (Int +8, Str/Dex
                  | -2) [an orb of fire]
 58922 | Zot:4    | Gained mutation: You occasionally lose the ability to read
                  | scrolls when taking damage. [an orb of fire]
 58930 | Zot:4    | Killed an orb of fire
 58939 | Zot:4    | Killed an orb of fire
 59220 | Zot:5    | Gained mutation: You have an uncontrollable temper. [an orb
                  | of fire]
 59238 | Zot:4    | Killed an orb of fire
 59242 | Zot:4    | Gained mutation: You sometimes lose the ability to read
                  | scrolls when taking damage. [an orb of fire]
 59243 | Zot:4    | Killed an orb of fire
 59311 | Zot:5    | Gained mutation: You are very weak. (Str -4) [an orb of
                  | fire]
 59326 | Zot:5    | Killed an orb of fire
 59327 | Zot:5    | Lost mutation: Your spells are a little harder to cast, but
                  | a little more powerful. [an orb of fire]
 59330 | Zot:5    | Gained mutation: Your body often deteriorates upon taking
                  | damage. [an orb of fire]
 59337 | Zot:5    | Killed an orb of fire
 59682 | Zot:5    | Gained mutation: You frequently scream uncontrollably at
                  | your foes. [an orb of fire]
 59698 | Zot:5    | Killed an orb of fire
 59699 | Zot:5    | Reached skill level 27 in Axes
 59723 | Zot:5    | Gained mutation: Your spells are a little easier to cast,
                  | but a little less powerful. [hidden defects]
 59800 | Zot:5    | Gained mutation: Your magical capacity is very low. (-20%
                  | MP) [an orb of fire]
 59801 | Zot:5    | Killed an orb of fire
 60159 | Zot:5    | Received a gift from Trog
 60368 | Zot:5    | Gained mutation: Your magical capacity is extremely low.
                  | (-30% MP) [hidden defects]
 60368 | Zot:5    | Lost mutation: You have hidden genetic defects. [hidden
                  | defects expressed]
 60947 | Zot:5    | Got the Orb of Zot
 60968 | Zot:5    | Noticed Vyagram the pandemonium lord
 60976 | Zot:5    | Noticed Waxon the pandemonium lord
 60983 | Zot:5    | Killed Vyagram the pandemonium lord
 60992 | Zot:5    | Reached skill level 27 in Armour
 61036 | Zot:5    | Killed Waxon the pandemonium lord
 61037 | Zot:5    | Reached skill level 1 in Long Blades
 61037 | Zot:5    | Reached skill level 1 in Ranged Weapons
 61037 | Zot:5    | Reached skill level 1 in Evocations
 61037 | Zot:5    | Reached XP level 27. HP: 61/273 MP: 15/15
 61051 | Zot:5    | Reached skill level 1 in Polearms
 61051 | Zot:5    | Reached skill level 1 in Staves
 61058 | Zot:5    | Killed from afar by a Hell Sentinel

Illustrated notes

Levels and vault maps discovered:
D:1:      grunt_arrival_lava_bath, layout_loops_corners, palyth_stone_intersect
D:2:      layout_rooms
D:3:      layout_basic, hellmonk_ecumenical_altar_heavens_door,
          minmay_lizard_king
D:4:      layout_rooms, minmay_three_crescents, uniq_pikel, uniq_eustachio,
          uniq_grinder
D:5:      layout_loops_ring, mainiacjoe_overflow_concentric_impassable,
          minmay_temple_entry_mini_moons, st_stairs_5
D:6:      lemuel_ice_spiral_2, layout_rooms, gammafunk_ghost_split
D:7:      layout_loops_ring, overflow_temple_1_default, grunt_ministairs_13
D:8:      layout_basic, nicolae_diode_basic
D:9:      minmay_curly_fans, layout_basic, mainiacjoe_overflow_alcove_1,
          minmay_starry_boxes
D:10:     layout_rooms, enter_trove_3, minmay_misc_feat_enclosed,
          serial_bayou_pond_e, nicolae_nh_ransacked_shop, uniq_urug
D:11:     layout_gridville, due_lair_maze_entry_diamond, orc_0_dummy,
          serial_shops, shop, mrwooster_statue_mirror, slow_altar_1
D:12:     layout_roguey [special_room_bee]
D:13:     layout_irregular_city, david_vaults_2, serial_shops, shop,
          nzn_wu_jian_council_hall, uniq_jorgrun, uniq_lodul
D:14:     layout_basic, gammafunk_ghost_split
D:15:     gammafunk_enter_depths_forms, layout_basic,
          chequers_serial_rivers_marsh, fountainhead, trog_butcher_becter,
          uniq_josephine
Lair:1:   layout_cave_pods, enter_volcano_2, st_stairs_4, uniq_joseph
Lair:2:   layout_layer_cave
Lair:3:   layout_loops_ring, elwin_shoals_entry_rocks,
          guppyfry_snake_entry_island, grunt_megastairs_5, serial_bayou_shore_b,
          lemuel_fruit_tree, lemuel_fruit_fields
Lair:4:   layout_loops_ring, minivault_26, serial_bayou_shore_a,
          grunt_megastairs_1
Lair:5:   evil_forest, layout_hall_layers, nicolae_slime_entry_slimehenge,
          ebering_ghost_xom, minmay_lair_oklob_bushes, evilmike_ambush
          [evilmike_ambush_outer_pillars, evilmike_ambush_inner_wall_2]
Shoals:1: layout_shoals, serial_shops, shop, ldierk_geyser
Shoals:2: nicolae_shoals_deep_elves_summer_vacation, layout_shoals
Shoals:3: layout_shoals, nicolae_shoals_loop_pool
Shoals:4: shoals_end_grunt_garden, layout_shoals, nicolae_shoals_secluded_bog,
          uniq_polyphemus
Snake:1:  layout_cave_pods, uniq_azrael, uniq_donald, uniq_roxanne
Snake:2:  layout_chambers, basic_altar, uniq_aizul
Snake:3:  layout_concentric_octagons, serial_shops, shop, uniq_mara
Snake:4:  grunt_snake_rune_pools, layout_rooms, serial_shops,
          nicolae_shop_peninsula, nicolae_snake_springs
Orc:1:    layout_caves
Orc:2:    st_orc_mages, layout_caves, gammafunk_ghost_split, minmay_orc_barracks
Elf:1:    elf_arrival_001, layout_geoelf_octagon, minmay_elf_annihilation,
          nicolae_elf_theology_debate
Elf:2:    elven_hall_of_blades_hangedman_original [nicolae_blade_tridents],
          layout_geoelf_octagon, nicolae_shop_self_help
Elf:3:    minmay_elf_hall, layout_loops_corners, serial_shops, shop
Vaults:1: v_alt_pattern_3, nicolae_vaults_tangram_2, dpeg_vaults_monster_box,
          nicolae_vaults_cochlea, hangedman_vaults_restitches,
          nicolae_vaults_tetromino_T_1, nicolae_vaults_heist,
          hangedman_vaults_stream, hangedman_vaults_corner, v_misc_1,
          ontoclasm_vaults_twist, v_misc_8, v_misc_8, layout_vaults_omnicross
Vaults:2: nicolae_vaults_loss_of_containment, nicolae_vaults_big_angled_halls,
          nicolae_vaults_more_shelving_1, minmay_crypt_entry_necro_gods,
          ontoclasm_vaults_loading_screen, nicolae_vaults_cochlea, v_misc_18,
          vaults_mumra_minichess, nicolae_vaults_surprise_closet,
          grunt_vaults_funnel, nicolae_vaults_theta, layout_vaults_omnigrid
Vaults:3: nicolae_vaults_offset_grid_hallway_1,
          nicolae_vaults_ellipses_ellipsis, nicolae_vaults_house_3,
          nicolae_vaults_shipping_containers_6,
          nicolae_vaults_inception_statues, v_alt_pattern_6, v_alt_pattern_4,
          nicolae_vaults_house_3, v_misc_29, nicolae_vaults_trapezoid_4,
          nicolae_vaults_trapezoid_lopsided_3, vaults_dpeg_encased_lava,
          vaults_mumra_hex, ontoclasm_vaults_chip, layout_vaults_omnibox,
          serial_shops, shop
Vaults:4: v_misc_3, nicolae_vaults_wine_cellar, hangedman_vaults_snaps,
          nicolae_vaults_security_offices_4, nicolae_vaults_network_quinsquares
          [nicolae_vaults_network_quincunx_subvault,
          nicolae_vaults_network_quincunx_subvault,
          nicolae_vaults_network_quincunx_subvault,
          nicolae_vaults_network_quincunx_subvault],
          nicolae_vaults_closet_pinwheel_4, v_misc_5,
          nicolae_vaults_diagonal_hallway_7, layout_vaults_maze
Vaults:5: uniq_jory
Depths:1: minmay_heptahexagon, layout_gridlike, special_room
          [special_room_mythical_zoo], hellmouth_1,
          minmay_misc_feat_four_crosses, lemuel_another_geyser, uniq_nikola
Depths:2: evilmike_makhleb_hellhole, layout_cave_pools,
          nicolae_kikubaaqudgha_miasma_corner, grunt_hell_horde,
          grunt_pan_entry_sceptre, minmay_librarian, uniq_enchantress
Depths:3: grunt_house_of_mirrors, layout_basic, enter_ziggurat_c, hell_entry,
          roderic_lattice_a, minmay_room_of_horrors, kennysheep_just_a_vault,
          infiniplex_staircase_pool_2, uniq_sojobo
Depths:4: evilmike_zot_entry_round, layout_cave_shapes, hell_entry,
          grunt_pan_entry_in_and_out, hangedman_decor_growths
Hell
Zot:1:    layout_twisted_circle, st_stairs_5, grunt_megastairs_2, uniq_grunn
Zot:2:    layout_misc_corridors
Zot:3:    dreamdust_zin_vs_xom, layout_concentric_octagons
Zot:4:    ebering_greatest_show_in_zot, layout_misc_corridors,
          hangedman_snake_sidewinding
Zot:5:    layout_cathedral_of_symmetry

Skill      XL: |  1  2  3  4  5  6  7  8  9 10 11 12 13 14 15 16 17 18 19 20 21 22 23 24 25 26 27 |
---------------+----------------------------------------------------------------------------------+-----
Fighting       | 4 5 6 7 8 9 11 13 14 15 17 18 19 20 21 22 23 24 25 27 | 27.0
Axes           | 4 5 7 12 17 20 24 27 | 27.0
Dodging        | 4 5 6 7 |  7.2
Armour         | 4 7 9 10 11 13 14 15 16 17 18 19 20 21 22 24 27 | 27.0
Maces & Flails | 2 3 6 9 12 14 15 16 17 18 19 20 21 22 24 | 24.8
Shields        | 3 6 9 12 15 17 19 20 22 24 26 27 | 27.0
Long Blades    | 1 |  1.1
Ranged Weapons | 1 |  1.3
Evocations     | 1 |  1.0
Polearms       | 1 |  1.0
Staves         | 1 |  1.0
Short Blades   | |  0.9
Throwing       | |  0.7
Stealth        | |  0.2
Unarmed Combat | |  0.8
Invocations    | |  0.8

Action                     |  1- 3 |  4- 6 |  7- 9 | 10-12 | 13-15 | 16-18 | 19-21 | 22-24 | 25-27 || total
---------------------------+-------+-------+-------+-------+-------+-------+-------+-------+-------++-------
  Melee: Hand axe          |    17 |       |       |       |       |       |       |       |       ||    17
         Headbutt          |     6 |    10 |    48 |   123 |   279 |   373 |   516 |   593 |   483 ||  2431
         War axe           |    47 |    34 |       |       |       |       |       |       |       ||    81
         Whip              |       |    46 |   221 |    26 |       |       |       |       |       ||   293
         Punch             |       |     1 |     2 |       |       |       |       |       |       ||     3
         Dire flail        |       |       |    48 |   222 |       |       |       |       |       ||   270
         Demon whip        |       |       |       |   295 |  1251 |  1277 |  1816 |   326 |       ||  4965
         Broad axe         |       |       |       |       |       |       |       |  1365 |  1373 ||  2738
 Invoke: Berserk           |     1 |     2 |     1 |     1 |       |       |       |       |       ||     5
         Brothers in Arms  |       |       |       |     1 |     4 |     6 |     5 |     8 |     4 ||    28
         Trog's Hand       |       |       |       |     1 |     4 |     5 |     3 |     4 |     1 ||    18
    Use: Scroll            |       |     8 |     5 |    13 |     7 |    14 |     5 |     6 |     9 ||    67
         Potion            |       |     1 |       |     4 |     1 |     9 |     5 |     2 |     1 ||    23
   Stab: Distracted        |       |       |       |       |     1 |       |       |     2 |     1 ||     4
 Armour: Animal skin       |     9 |     7 |       |       |       |       |       |       |       ||    16
         Scale mail        |       |    17 |   106 |       |       |       |       |       |       ||   123
         Plate armour      |       |       |    16 |   213 |   429 |   363 |    83 |       |       ||  1104
         Gold dragon scale |       |       |       |       |       |       |   624 |   609 |   360 ||  1593
  Dodge: Dodged            |    53 |    44 |   172 |   148 |   225 |   248 |   360 |   306 |   195 ||  1751
  Block: Tower shield      |       |       |       |   126 |   746 |   991 |  1706 |  1435 |  1113 ||  6117
